 Dungeon Crawl Stone Soup version 0.15.0-11-g6f4f891 (webtiles) character file.

253515 tehnar the Severer (level 18, -6/159 HPs)
             Began as a Minotaur Berserker on Aug 30, 2014.
             Was a High Priest of Trog.
             Killed by nerve-wracking pain
             ... invoked by Mara
              (15 damage)
             ... on Level 1 of the Depths on Aug 31, 2014.
             The game lasted 03:30:33 (44790 turns).

tehnar the Severer (Minotaur Berserker)            Turns: 44790, Time: 03:30:34

HP  -6/159       AC 27     Str 25      XL: 18   Next: 99%
MP   0/18        EV 16     Int  8      God: Trog [*****.]
Gold 3771        SH  0     Dex 13      Spells:  0 memorised, 17 levels left

rFire  + . .     SeeInvis +     W - +8 battleaxe (vamp)
rCold  + . .     Clarity  .     N - +2 chain mail {rF+}
rNeg   . . .     rCorr    .     (no shield)
rPois  .         rRot     .     (helmet restricted)
rElec  .         Spirit   +     l - +1 cloak
SustAb +         Warding  .     h - +2 pair of gloves of Naor {rC+ Str+2}
rMut   .         Stasis   .     y - +2 pair of boots
Gourm  .                        H - amulet of guardian spirit
MR     +....                    P - ring of sustain abilities
                                s - ring of see invisible

@: exhausted, very slightly contaminated, hasted and slowed, somewhat resistant
to hostile enchantments, extremely unstealthy
A: retaliatory headbutt, horns 2, frail 1, low mp 1
a: Burn Spellbooks, Berserk, Trog's Hand, Brothers in Arms, Renounce Religion
}: 2/15 runes: decaying, gossamer


You were on level 1 of the Depths.
You worshipped Trog.
Trog was extremely pleased with you.
You were near starving.

You visited 6 branches of the dungeon, and saw 38 of its levels.
You visited the Abyss 1 time.
You also visited: Volcano.

You collected 4037 gold pieces.
You spent 266 gold pieces at shops.

Inventory:

Hand weapons
 a - the +5 executioner's axe of the Ring {pain, rPois}
   (You found it on level 8 of the Lair of Beasts)

   In the hands of one skilled in necromantic magic, it inflicts extra damage on
   living creatures.
   It protects you from poison.
 B - the +8 battleaxe of Poverty {freeze, rC+}
   (Trog gifted it to you on level 15 of the Dungeon)

   It has been specially enchanted to freeze those struck by it, causing extra
   injury to most foes and up to double damage against particularly susceptible
   opponents.
   It can also slow down cold-blooded creatures.
   It protects you from cold.
 W - a +8 vampiric battleaxe (weapon)
Armour
 h - the +2 pair of gloves of Naor (worn) {rC+ Str+2}
   (You found it on level 1 of the Swamp)

   It affects your strength (+2).
   It protects you from cold.
 l - a +1 cloak (worn)
 y - a +2 pair of boots (worn)
 N - a +2 chain mail of fire resistance (worn)
Magical devices
 j - a wand of digging (13)
 C - a wand of digging (11)
 Z - a wand of fireball (4)
Comestibles
 c - 20 bread rations
 f - 17 meat rations
 A - 11 beef jerkies
 L - 23 fruits
 U - 12 royal jellies
Scrolls
 b - 5 scrolls of fear
 i - 5 scrolls of immolation
 m - 10 scrolls of recharging
 n - 9 scrolls of teleportation
 p - 5 scrolls of enchant armour
 t - 5 scrolls of magic mapping
 v - a scroll of blinking
 w - 3 scrolls of vulnerability
 F - a scroll of enchant weapon
 G - 8 scrolls of remove curse
 I - 4 scrolls of fog
 K - a scroll of summoning
 Q - a scroll of brand weapon
 Y - 7 scrolls of identify
Jewellery
 k - an uncursed ring of protection from cold
 s - a ring of see invisible (left hand)
 x - an uncursed amulet of warding
 H - an amulet of guardian spirit (around neck)
 J - an uncursed amulet of resist corrosion
 P - a ring of sustain abilities (right hand)
 R - an uncursed ring of positive energy
 X - a +4 ring of dexterity
Potions
 e - a potion of brilliance
 g - 7 potions of curing
 o - 3 potions of resistance
 q - 3 potions of berserk rage
 r - a potion of beneficial mutation
 u - a potion of might
 z - 4 potions of agility
 D - a potion of experience
 M - 3 potions of restore abilities
 S - a potion of mutation
 T - a potion of flight
 V - a potion of invisibility
Books
 O - a book of Party Tricks

   Spells                             Type                      Level
   Summon Butterflies                 Summoning                    1
   Apportation                        Translocation                1
   Blink                              Translocation                2
   Tukima's Dance                     Hexes                        3
   Alistair's Intoxication            Transmutation/Poison         4
   Trog disapproves of the use of such an item.


   Skills:
 + Level 19.6 Fighting
 + Level 20.2 Axes
 + Level 19.7 Armour
 + Level 17.6 Dodging
 - Level 5.2 Evocations


You had 17 spell levels left.
You didn't know any spells.

Dungeon Overview and Level Annotations

Branches:
Dungeon (15/15)            Temple (0/1) D:7             Orc (4/4) D:9
    Elf (0/3) Orc:3          Lair (8/8) D:8           Swamp (5/5) Lair:4
 Spider (5/5) Lair:6        Slime (0/6) Lair:6       Vaults (0/5) D:13
 Depths (1/5) D:15

Altars:
Ashenzari
Cheibriados
Fedhas
Kikubaaqudgha
Nemelex Xobeh
Okawaru
Qazlal
Sif Muna
Trog
Vehumet
Xom
Zin
The Shining One
Beogh

Shops:
D:8 [   Orc:2 *   Orc:4 (:[*

Portals:
Abyss: Depths:1
Trove: D:14 (show abyssal rune of Zot)

Annotations:
Swamp:5 Lernaean hydra
Depths:1 Mara, Margery


Innate Abilities, Weirdness & Mutations

You reflexively headbutt those who attack you in melee.
You have a pair of horns on your head.
You are frail (-10% HP).
Your magical capacity is low (-10% MP).


Message History

Press ? for a list of commands and other information.
Unknown command.
Level annotation: Mara, Margery Welcome back, tehnar the Minotaur Berserker.
Trog says: Kill them all!
Press ? for a list of commands and other information.
Unknown command.
Unknown command.
Unknown command.
With effort, you pull free of the water engulfing you.
You gasp with relief as air once again reaches your lungs.
The water elemental closely misses you. You furiously retaliate!
You headbutt the water elemental.
Mara blinks!
The hell knight hits you from afar with a demon trident of flaming!
* * * LOW HITPOINT WARNING * * *
The hell knight burns you.
* * * LOW HITPOINT WARNING * * *
Mara gestures at you. Pain shoots through your body!
You die...

###.##./.## ##..#.##
#.......###<.....#
###..###...#......##
#....###........###
#....#...........#
############...................
#..........................##...
/.....≈.........R..........# ..
.∩...≈.......@pu@............
.............RuE≈≈...........
.........[..p.Z≈≈≈..........
..)........>.@p≈≈≈.........
............ZR.≈≈≈≈≈....
...............≈≈≈≈≈≈..
............≈≈.≈≈≈≈≈≈.
........)...≈≈....≈≈≈
........)...≈≈≈.....


You could see Margery, 3 Maras, a green very ugly thing, a cyan ugly thing, 2
hell knights, a water elemental, a necromancer, tehnar's illusion, a human
simulacrum and a human skeleton.

Vanquished Creatures
  Arachne (Spider:2)
  Asterion (Swamp:3)
  The ghost of Simboubou the Warrior, a mighty MiBe of Trog (Depths:1)
  Agnes (Depths:1)
  A draconian monk (Abyss:1)
  The ghost of Kold the Slicer, a mighty VSBe of Trog (Spider:1)
  Wiglaf (Swamp:5)
  Maud (Lair:4)
  5 ghost moths (Spider:5)
  Louise (Spider:3)
  5 emperor scorpions
  Gastronok (D:11)
  A spectral weapon (Swamp:3)
  4 dire elephants (Lair:8)
  8 vault guards (D:13)
  Fannar (Lair:7)
  28 hydras
  Harold (Lair:5)
  3 ogre magi
  Nessos (D:14)
  2 shambling mangroves
  Erica (D:15)
  2 centaur warriors
  A tengu warrior (D:15)
  10 death yaks
  An anaconda (Lair:8)
  8 alligators
  A thrashing horror (Abyss:1)
  4 orc high priests
  A catoblepas (D:15)
  Nergalle (D:15)
  3 hell knights (Depths:1)
  2 wretched stars (Abyss:1)
  An unseen horror (D:11)
  4 skeletal warriors (D:12)
  18 orb spiders
  A spriggan druid (Swamp:3)
  A giant orange brain (Abyss:1)
  3 wizards
  3 large abominations (Abyss:1)
  7 hill giants
  Erolcha (D:11)
  Pikel (D:7)
  19 swamp dragons
  2 necromancers
  5 orc knights
  4 orc sorcerers
  An oklob plant (Lair:1)
  8 red wasps
  35 wolf spiders
  A worldbinder (Abyss:1)
  3 ugly things
  A manticore (D:14)
  A cyclops (D:12)
  A sixfirhy (Abyss:1)
  4 black mambas
  14 elephants
  Maurice (D:8)
  Joseph (D:11)
  A smoke demon (Abyss:1)
  2 molten gargoyles (Volcano)
  A naga mage (D:15)
  An orange demon (Abyss:1)
  5 gargoyles
  A queen ant (Spider:2)
  Psyche (D:11)
  A torpor snail (Lair:3)
  23 spiny frogs
  5 komodo dragons
  3 fire drakes
  2 ancient zymes (Abyss:1)
  6 trolls
  8 demonic crawlers
  A queen bee (D:13)
  Grinder (D:6)
  9 giant leeches
  A harpy zombie (D:15)
  6 two-headed ogres
  33 jumping spiders
  11 ravens
  20 blink frogs
  23 slime creatures
  4 bog bodies
  A griffon zombie (D:15)
  10 boulder beetles
  2 shadows
  46 redbacks
  50 yaks
  2 basilisks
  34 tarantellas
  16 trapdoor spiders
  A fire bat (Volcano)
  2 deep elf magi
  5 wyverns
  A griffon skeleton (D:11)
  A ynoxinul (Abyss:1)
  10 spriggans
  2 hungry ghosts
  A neqoxec (Abyss:1)
  11 hippogriffs
  14 vampire mosquitoes
  42 swamp worms
  Menkaure (D:6)
  13 soldier ants (Spider:2)
  A deep elf fighter (Abyss:1)
  14 wolves
  3 mottled dragons
  A hell hound (Spider:4)
  9 porcupines
  3 wargs
  19 water moccasins
  27 spiders
  24 swamp drakes
  3 black bears
  44 orc warriors
  2 phantoms
  2 small abominations (Abyss:1)
  A manticore zombie (D:12)
  12 yellow wasps
  3 sky beasts
  18 ogres
  2 boring beetles
  A necrophage (D:6)
  17 centaurs
  Sigmund (D:7)
  Duvessa (D:6)
  12 giant frogs
  3 big kobolds
  12 crocodiles
  Blork the orc (D:6)
  10 scorpions
  16 insubstantial wisps
  3 eyes of draining
  A yak zombie (D:5)
  4 wights (D:10)
  6 electric eels
  32 killer bees
  2 vampire bats (D:2)
  Dowan (D:6)
  5 crimson imps
  12 starcursed masses (Abyss:1)
  A two-headed ogre zombie (D:13)
  16 hounds
  A lava snake (Volcano)
  6 goliath beetles
  4 jellies
  2 centaur skeletons
  A giant frog skeleton (D:6)
  4 iguanas
  32 orc priests
  28 worker ants
  An elf skeleton (D:10)
  An orange rat (Lair:2)
  2 iron imps (Abyss:1)
  Natasha (twice) (D:3)
  A kobold skeleton (D:15)
  A shapeshifter simulacrum (D:15)
  37 orc wizards
  A killer bee zombie (D:12)
  8 sheep (Lair:1)
  Jessica (D:3)
  A hound skeleton (D:5)
  A mummy (D:10)
  3 gnolls (D:2)
  39 green rats
  2 worker ant zombies
  20 adders
  2 giant mites
  3 white imps (Abyss:1)
  3 shadow imps
  4 ufetubi (Abyss:1)
  8 worms
  An iguana skeleton (D:7)
  3 giant geckos
  191 orcs
  4 ball pythons
  17 bats
  2 bat skeletons (D:2)
  3 bat zombies (D:2)
  7 giant cockroaches
  24 goblins
  29 hobgoblins
  13 jackals
  27 kobolds
  8 quokkas
  4 giant newts
  2 hobgoblin skeletons (D:4)
  A lurking horror (Abyss:1)
  2 orc zombies
  32 rats
  A rat skeleton (D:4)
  4 ballistomycetes
  2 briar patches (Swamp:2)
  9 fungi
  16 plants
1645 creatures vanquished.

Vanquished Creatures (collateral kills)
  A bone dragon (Abyss:1)
  A thorn hunter (Swamp:2)
  Roxanne (D:15)
  An orc warlord (Orc:4)
  Azrael (Spider:4)
  A hydra (D:15)
  A wretched star (Abyss:1)
  A large abomination (Abyss:1)
  A spatial maelstrom (Abyss:1)
  8 orb spiders
  A swamp dragon (Swamp:5)
  A hellion (Abyss:1)
  A worldbinder (Abyss:1)
  2 orc sorcerers (Orc:4)
  A moth of wrath (Spider:4)
  An iron devil (Abyss:1)
  2 smoke demons (Abyss:1)
  A black mamba (Lair:2)
  A spiny frog (Lair:2)
  2 demonic crawlers (Spider:2)
  A slime creature (Swamp:5)
  2 fire elementals (Spider:4)
  7 redbacks (Spider:4)
  A ynoxinul (Abyss:1)
  A neqoxec (Abyss:1)
  3 spatial vortices (Abyss:1)
  6 swamp worms (Lair:5)
  2 soldier ants (Spider:2)
  3 hell hounds (Spider:4)
  3 small abominations (Abyss:1)
  An orc warrior (Orc:4)
  3 ogres
  A crocodile (Lair:2)
  2 starcursed masses (Abyss:1)
  A quasit (Abyss:1)
  3 orc priests (Orc:4)
  2 worker ants (Spider:2)
  A butterfly (Lair:2)
73 creatures vanquished.

Vanquished Creatures (others)
  A thorn hunter (Swamp:3)
  A spriggan (Swamp:3)
  A wolf spider (Spider:2)
  A jumping spider (Spider:3)
  2 trolls
  A two-headed ogre (Spider:5)
  A boulder beetle (Lair:5)
  A redback (Spider:5)
  5 ogres
  A yellow wasp (Swamp:3)
  2 giant spores
  A briar patch (Swamp:2)
  6 fungi
  5 plants
  12 toadstools (Swamp:2)
41 creatures vanquished.

Grand Total: 1759 creatures vanquished

Notes
Turn   | Place    | Note
--------------------------------------------------------------
     0 | D:1      | tehnar, the Minotaur Berserker, began the quest for the Orb.
     0 | D:1      | Reached XP level 1. HP: 19/19 MP: 1/1
   165 | D:1      | Reached XP level 2. HP: 16/27 MP: 1/1
   253 | D:1      | Acquired Trog's second power
   299 | D:1      | Reached skill level 4 in Fighting
   539 | D:1      | Reached XP level 3. HP: 31/33 MP: 2/2
   964 | D:2      | Reached XP level 4. HP: 20/41 MP: 2/2
  1175 | D:2      | Found an ancient bone altar of Kikubaaqudgha.
  1184 | D:2      | Reached skill level 5 in Fighting
  1184 | D:2      | Reached XP level 5. HP: 41/48 MP: 2/2
  1403 | D:3      | Found a glowing golden altar of the Shining One.
  1443 | D:3      | Noticed Natasha
  1448 | D:3      | Killed Natasha
  1501 | D:3      | Noticed Natasha
  1507 | D:3      | Killed Natasha
  1633 | D:3      | Found a radiant altar of Vehumet.
  1633 | D:3      | Noticed Jessica
  1637 | D:3      | Killed Jessica
  1769 | D:3      | Reached skill level 5 in Axes
  1773 | D:3      | Reached XP level 6. HP: 45/56 MP: 3/3
  2308 | D:4      | Acquired Trog's third power
  2699 | D:5      | Entered Level 5 of the Dungeon
  2711 | D:5      | Reached XP level 7. HP: 22/62 MP: 3/3
  2716 | D:5      | Reached skill level 6 in Fighting
  2716 | D:5      | Reached skill level 5 in Armour
  2794 | D:5      | Received a gift from Trog
  3326 | D:6      | Found a sparkling altar of Nemelex Xobeh.
  3344 | D:6      | Reached skill level 5 in Dodging
  3370 | D:6      | Noticed Dowan
  3371 | D:6      | Noticed Duvessa
  3380 | D:6      | Killed Duvessa
  3386 | D:6      | Reached XP level 8. HP: 45/71 MP: 3/3
  3394 | D:6      | Killed Dowan
  3472 | D:6      | Found a bloodstained altar of Trog.
  3480 | D:6      | Found a deep blue altar of Sif Muna.
  3500 | D:6      | Reached skill level 7 in Fighting
  3506 | D:6      | Noticed Blork the orc
  3512 | D:6      | Killed Blork the orc
  3605 | D:6      | Noticed Grinder
  3612 | D:6      | Killed Grinder
  3911 | D:6      | Found a glowing silver altar of Zin.
  3911 | D:6      | Noticed an angel
  4078 | D:6      | Noticed Menkaure
  4082 | D:6      | Killed Menkaure
  4275 | D:6      | Reached skill level 8 in Fighting
  4398 | D:6      | Reached XP level 9. HP: 66/81 MP: 4/4
  4639 | D:7      | Found a staircase to the Ecumenical Temple.
  4666 | D:7      | Received a gift from Trog
  4767 | D:7      | Noticed Sigmund
  4773 | D:7      | Killed Sigmund
  5166 | D:7      | Noticed Pikel
  5178 | D:7      | Killed Pikel
  5295 | D:7      | Found a shattered altar of Ashenzari.
  5441 | D:7      | Reached skill level 9 in Fighting
  5655 | D:8      | Found a staircase to the Lair.
  5870 | D:8      | Reached XP level 10. HP: 80/91 MP: 4/4
  5885 | D:8      | Found a stormy altar of Qazlal.
  5935 | D:8      | Received a gift from Trog
  5944 | D:8      | Found a shimmering altar of Xom.
  5944 | D:8      | Found a shimmering altar of Xom.
  5944 | D:8      | Found a shimmering altar of Xom.
  5944 | D:8      | Found a shimmering altar of Xom.
  5944 | D:8      | Found a shimmering altar of Xom.
  5947 | D:8      | Noticed an elf
  5955 | D:8      | Noticed a manticore
  6019 | D:8      | Noticed Maurice
  6047 | D:8      | Killed Maurice
  6059 | D:8      | Found a snail-covered altar of Cheibriados.
  6450 | D:8      | Found Enyf's Armour Shop.
  6753 | D:9      | Reached skill level 10 in Fighting
  6756 | D:9      | Reached skill level 10 in Axes
  7377 | D:9      | Reached skill level 10 in Armour
  7477 | D:9      | Found a staircase to the Orcish Mines.
  7740 | D:9      | Reached XP level 11. HP: 56/101 MP: 4/4
  7749 | D:9      | Received a gift from Trog
  7998 | Lair:1   | Entered Level 1 of the Lair of Beasts
  8290 | Lair:1   | Reached skill level 11 in Axes
  9127 | Lair:1   | Found a blossoming altar of Fedhas.
  9437 | Lair:2   | Noticed a six-headed hydra
  9514 | Lair:2   | Killed a 11-headed hydra
 10233 | Lair:2   | Reached skill level 12 in Axes
 11331 | Lair:3   | Reached XP level 12. HP: 107/113 MP: 5/5
 11446 | Lair:3   | Received a gift from Trog
 11800 | Lair:4   | Found a staircase to the Swamp.
 12368 | Lair:4   | Found a deep blue altar of Sif Muna.
 12430 | Lair:4   | Noticed Maud
 12440 | Lair:4   | Killed Maud
 12440 | Lair:4   | Reached skill level 13 in Fighting
 12767 | Lair:4   | Reached skill level 10 in Dodging
 12770 | Lair:4   | Received a gift from Trog
 13709 | Lair:5   | Noticed Harold
 13725 | Lair:5   | Killed Harold
 13812 | Lair:5   | Upgraded the game from 0.15.0-8-gb109cf8 to 0.15.0-11-g6f4f891
 14466 | Lair:5   | Reached XP level 13. HP: 96/123 MP: 5/5
 14581 | Lair:5   | Received a gift from Trog
 15165 | Lair:6   | Reached skill level 14 in Fighting
 15219 | Lair:6   | Found a staircase to the Slime Pits.
 15794 | Lair:6   | Found a hole to the Spider Nest.
 15890 | Lair:6   | Got a pair of shimmering gloves
 15901 | Lair:6   | Identified the cursed +0 pair of gloves "Cezairr" {rC+ Str-4 Curse} (You found it on level 6 of the Lair of Beasts)
 16246 | Lair:7   | Received a gift from Trog
 16349 | Lair:7   | Noticed Fannar
 16363 | Lair:7   | Killed Fannar
 17345 | Lair:8   | Entered Level 8 of the Lair of Beasts
 17399 | Lair:8   | Reached skill level 15 in Axes
 17399 | Lair:8   | Reached XP level 14. HP: 133/133 MP: 5/5
 17667 | Lair:8   | Reached skill level 15 in Armour
 17828 | Lair:8   | Received a gift from Trog
 18433 | Lair:8   | Reached skill level 1 in Evocations
 18576 | Lair:8   | Reached skill level 15 in Fighting
 18588 | Lair:8   | Identified Clytri's Witchcraft, Part Six (You found it on level 8 of the Lair of Beasts)
 18593 | Lair:8   | Got an ancient executioner's axe
 18632 | Lair:8   | Identified the +5 executioner's axe of the Ring {pain, rPois} (You found it on level 8 of the Lair of Beasts)
 19384 | Orc:1    | Entered Level 1 of the Orcish Mines
 19462 | Orc:1    | Received a gift from Trog
 19885 | Orc:2    | Found an iron altar of Okawaru.
 19921 | Orc:2    | Found Thei's Assorted Antiques.
 20056 | Orc:2    | Bought an encrusted ruby ring for 175 gold pieces
 20056 | Orc:2    | Bought a scroll labeled MUTYDGH KIBIO for 35 gold pieces
 20371 | Orc:3    | Received a gift from Trog
 20415 | Orc:3    | Found a dark tunnel.
 20421 | Volcano  | Entered a volcano
 20716 | Volcano  | Found a bloodstained altar of Trog.
 21100 | Orc:4    | Entered Level 4 of the Orcish Mines
 21398 | Orc:4    | Found a bloodstained altar of Trog.
 21560 | Orc:4    | Noticed an orc warlord
 21561 | Orc:4    | Received a gift from Trog
 21632 | Orc:3    | Found a roughly hewn altar of Beogh.
 21646 | Orc:3    | Found a staircase to the Elven Halls.
 22369 | Orc:4    | Received a gift from Trog
 22415 | Orc:4    | Killed an orc warlord
 22521 | Orc:4    | Found Moifis' Antique Armour Shop.
 22522 | Orc:4    | Found Efforgh's Antique Weapon Boutique.
 22523 | Orc:4    | Found Uviup's General Store.
 22523 | Orc:4    | Found Ygren's Book Shop.
 22538 | Orc:4    | Bought a scroll of identify for 28 gold pieces
 22538 | Orc:4    | Bought a scroll of identify for 28 gold pieces
 22762 | Orc:4    | Paralysed by an orc sorcerer for 6 turns
 23113 | D:10     | Entered Level 10 of the Dungeon
 23336 | D:10     | Received a gift from Trog
 23830 | D:10     | Reached skill level 16 in Axes
 24033 | D:11     | Reached XP level 15. HP: 143/143 MP: 18/18
 24065 | D:11     | Noticed Gastronok
 24079 | D:11     | Killed Gastronok
 24125 | D:11     | Reached skill level 5 in Evocations
 24289 | D:11     | Noticed Erolcha
 24304 | D:11     | Killed Erolcha
 24407 | D:11     | Received a gift from Trog
 24424 | D:11     | Noticed Psyche
 24432 | D:11     | Killed Psyche
 24784 | D:11     | Noticed Joseph
 24800 | D:11     | Killed Joseph
 25830 | D:13     | Received a gift from Trog
 26241 | D:13     | Found a gate to the Vaults.
 26492 | D:13     | Gained mutation: Potions and wands are less effective at restoring your health. [potion of mutation]
 26493 | D:13     | Lost mutation: Potions and wands are less effective at restoring your health. [potion of cure mutation]
 26918 | D:14     | Noticed Nessos
 26939 | D:14     | Killed Nessos
 27120 | D:14     | Found a portal to a secret trove of treasure.
 27497 | D:15     | Entered Level 15 of the Dungeon
 27660 | D:15     | Received a gift from Trog
 27663 | D:15     | Got a fine battleaxe {god gift}
 27665 | D:15     | Identified the +8 battleaxe of Poverty {freeze, rC+} (Trog gifted it to you on level 15 of the Dungeon)
 27690 | D:15     | Noticed Nergalle
 27697 | D:15     | Killed Nergalle
 27766 | D:15     | Noticed Roxanne
 27790 | D:15     | Killed Roxanne
 27815 | D:15     | Noticed Erica
 27825 | D:15     | Killed Erica
 27972 | D:15     | Reached skill level 17 in Axes
 28341 | D:15     | Reached XP level 16. HP: 147/152 MP: 19/19
 28346 | D:15     | Found a staircase to the Depths.
 29115 | Swamp:1  | Entered Level 1 of the Swamp
 29147 | Swamp:1  | Received a gift from Trog
 29199 | Swamp:1  | Cast into the Abyss (spriggan)
 29456 | Abyss:1  | Gained mutation: You are frail (-10% HP). [a neqoxec]
 29460 | Abyss:1  | Gained mutation: Your magical capacity is low (-10% MP). [a neqoxec]
 29476 | Abyss:1  | Noticed a bone dragon
 29490 | Abyss:1  | Killed a bone dragon
 29561 | Abyss:1  | Paralysed by accursed screaming for 1 turns
 29653 | Abyss:1  | Noticed a lich
 29654 | Abyss:1  | Noticed a Hell Sentinel
 29668 | Abyss:1  | Noticed a bone dragon
 29679 | Abyss:1  | Found a corrupted altar of Lugonu.
 29876 | Abyss:1  | Noticed a tentacled starspawn
 29983 | Abyss:1  | Noticed a tentacled starspawn
 30007 | Swamp:1  | Escaped the Abyss
 30366 | Swamp:1  | Reached skill level 15 in Dodging
 30870 | Swamp:1  | Got a pair of polished gloves
 30881 | Swamp:1  | Identified the cursed +2 pair of gloves of Naor {rC+ Str+2} (You found it on level 1 of the Swamp)
 32514 | Swamp:3  | Reached skill level 18 in Axes
 32810 | Swamp:3  | Noticed Asterion
 32829 | Swamp:3  | Killed Asterion
 33570 | Swamp:4  | Received a gift from Trog
 33574 | Swamp:4  | Paralysed by a wizard for 2 turns
 33578 | Swamp:4  | Reached XP level 17. HP: 146/146 MP: 17/17
 34653 | Swamp:5  | Entered Level 5 of the Swamp
 34746 | Swamp:5  | Noticed Wiglaf
 34761 | Swamp:5  | Killed Wiglaf
 35547 | Swamp:5  | Received a gift from Trog
 35706 | Swamp:5  | Noticed the 27-headed Lernaean hydra
 36239 | Spider:1 | Entered Level 1 of the Spider Nest
 36297 | Spider:1 | Noticed Kold's ghost (mighty VSBe)
 36336 | Spider:1 | Killed Kold's ghost
 36712 | Spider:1 | Reached skill level 19 in Axes
 36738 | Spider:1 | Received a gift from Trog
 37330 | Spider:2 | Noticed Arachne
 37340 | Spider:2 | Killed Arachne
 38078 | Spider:2 | Received a gift from Trog
 38146 | Spider:2 | Reached XP level 18. HP: 81/155 MP: 12/18
 38757 | Spider:3 | Noticed Louise
 38767 | Spider:3 | Killed Louise
 39060 | Spider:3 | Received a gift from Trog
 40104 | Spider:4 | Noticed Azrael
 40110 | Spider:4 | Killed Azrael
 40492 | Spider:4 | Received a gift from Trog
 40976 | Spider:5 | Entered Level 5 of the Spider Nest
 42727 | Spider:5 | Received a gift from Trog
 42870 | Spider:5 | Reached skill level 20 in Axes
 42906 | Spider:5 | Got a gossamer rune of Zot
 43880 | Swamp:5  | Got a decaying rune of Zot
 44593 | Depths:1 | Entered Level 1 of the Depths
 44598 | Depths:1 | Noticed Simboubou's ghost (mighty MiBe)
 44633 | Depths:1 | Killed Simboubou's ghost
 44662 | Depths:1 | Noticed Agnes
 44670 | Depths:1 | Killed Agnes
 44709 | Depths:1 | Found a one-way gate to the infinite horrors of the Abyss.
 44747 | Depths:1 | Noticed Mara
 44752 | Depths:1 | Noticed tehnar's illusion
 44760 | Depths:1 | Noticed Margery
 44790 | Depths:1 | Killed from afar by Mara

Action                   |  1- 3 |  4- 6 |  7- 9 | 10-12 | 13-15 | 16-18 || total
-------------------------+-------+-------+-------+-------+-------+-------++-------
Melee: Hand axe          |    97 |    77 |       |       |       |       ||   174
       War axe           |       |    74 |    71 |       |       |       ||   145
       Battleaxe         |       |       |   174 |   566 |  1338 |   737 ||  2815
       Executioner's axe |       |       |       |       |       |   728 ||   728
Invok: Trog's Hand       |       |     2 |     3 |     1 |     2 |    17 ||    25
       Berserk           |       |     1 |     2 |    10 |     6 |    11 ||    30
       Burn Spellbooks   |       |       |       |     2 |       |       ||     2
       Brothers in Arms  |       |       |       |     3 |     6 |    21 ||    30
Evoke: Wand              |       |       |       |     5 |     8 |     2 ||    15
  Use: Scroll            |       |     3 |     6 |     2 |    29 |    13 ||    53
       Potion            |       |       |     2 |     2 |     2 |    13 ||    19
 Stab: Distracted        |       |       |       |       |     1 |     2 ||     3
  Eat: Chunk             |       |     7 |    11 |    30 |    53 |    53 ||   154
       Pizza             |       |       |     1 |       |       |     5 ||     6
       Fruit             |       |       |       |     4 |     6 |    12 ||    22
       Bread ration      |       |       |       |     1 |       |       ||     1
       Beef jerky        |       |       |       |       |       |     2 ||     2
